 Dungeon Crawl Stone Soup version 0.26.1-11-gd32895ea62 (webtiles) character file.

Game seed: 11330310566457463092

1497 Zeld the Thaumaturge (level 8, -14/50 HPs)
             Began as an Octopode Brigand on May 12, 2021.
             Killed from afar by Maggie (21 damage)
             ... with a bolt of fire
             ... on level 6 of the Dungeon.
             The game lasted 00:07:59 (7900 turns).

Zeld the Thaumaturge (Octopode Brigand)             Turns: 7900, Time: 00:08:00

Health: -14/50     AC:  1    Str: 12    XL:     8   Next: 81%
Magic:  20/20      EV: 13    Int: 13    God:
Gold:   191        SH:  0    Dex: 14    Spells: 23/23 levels left

rFire    . . .     SeeInvis .   a - +2 dagger
rCold    . . .     Faith    .   (no shield)
rNeg     . . .     Spirit   .   (helmet restricted)
rPois    .         Reflect  .   (no amulet)
rElec    .         Harm     .   i - ring of willpower
rCorr    .         Rampage  .   (no ring)
Will     +....                  (no ring)
Stlth    ++++......             (no ring)
HPRegen  0.16/turn              (no ring)
MPRegen  0.17/turn              (no ring)
                                (no ring)
                                (no ring)

@: no status effects
A: almost no armour, stealthy swim, amphibious, 8 rings, constrict 8, camouflage
1, gelatinous body 1
a: no special abilities


You were on level 6 of the Dungeon.
You visited 1 branch of the dungeon, and saw 6 of its levels.

You collected 191 gold pieces.

Inventory:

Hand Weapons
 a - a +2 dagger (weapon)
Missiles
 b - 23 poisoned darts (quivered)
 c - 2 curare-tipped darts
Armour
 n - a +0 buckler
Jewellery
 i - a ring of willpower (left tentacle)
Wands
 k - a wand of random effects (19)
 m - a wand of flame (22)
 q - a wand of polymorph (9)
 v - a wand of paralysis (3)
Scrolls
 e - a scroll of fear
 o - 2 scrolls of amnesia
 p - a scroll of enchant armour
 r - 6 scrolls of remove curse
 w - a scroll of teleportation
Potions
 d - a potion of curing {unknown}
 f - a potion of lignification {unknown}
 g - 3 potions of degeneration {unknown}
 h - a potion of invisibility {unknown}
 j - a potion of haste {unknown}
 l - 2 potions of brilliance {unknown}
 s - 2 potions of attraction {unknown}
 u - a potion of magic {unknown}


   Skills:
 - Level 2.0 Fighting
 - Level 2.0 Short Blades
 - Level 6.0 Throwing
 - Level 1.0 Dodging
 - Level 5.3 Stealth
 * Level 8.2 Spellcasting


You had 23 spell levels left.
You didn't know any spells.
Your spell library contained the following spells:

 Spells                   Type           Power        Failure   Level
 Beastly Appendage        Tmut           10%          14%         1
 Corona                   Hex            5%           14%         1
 Ensorcelled Hibernation  Hex/Ice        10%          21%         2
 Confusing Touch          Hex            5%           38%         3
 Dazzling Flash           Conj/Hex       10%          38%         3
 Tukima's Dance           Hex            5%           38%         3


Dungeon Overview and Level Annotations

Branches:
Dungeon (6/15)
 Temple: D:4-7

Altars:
Sif Muna
Trog
Vehumet

Annotations:
D:6 2 transporters, Diggabert's ghost, novice MfFi; Maggie


Innate Abilities, Weirdness & Mutations

You cannot wear most types of armour.
You are very stealthy in the water. (Stealth+)
You are amphibious.
You can wear up to eight rings at the same time.
You can use your tentacles to constrict eight enemies at once.
Your skin changes colour to match your surroundings (Stealth+).
Your rubbery body absorbs attacks. (AC +1, EV +1)


Message History

You hit Maggie but do no damage.
Maggie is moderately wounded.
You constrict Maggie, but do no damage. Maggie gestures at you while chanting.
The bolt of fire misses you. The orc warrior closely misses you.
You hear a shout!
You hit Maggie. You squeeze Maggie!
Maggie is heavily wounded.
You constrict Maggie, but do no damage. Maggie hits you with a +0 glaive!
* * * LOW HITPOINT WARNING * * *
Unknown command.
As you read the scroll of fear, it crumbles to dust.
You assume a fearsome visage.
Maggie looks frightened!
The quasit is unaffected.
The orc warrior looks frightened!
You are no longer entranced.
You constrict Maggie.
You release your grip on Maggie.
Maggie casts a spell at you. The bolt of fire hits you!!
You die...

#.......# # #### ####.####
#####.# #.# ....©#.#
###.#### .##..#.# ##......#
#.. ... #..#.#.# #.......#
#.. .. #..#.#.###..#.#..#
#.# .# # .##.?#©.##..#.#..#
#.##.##5 ....O#...#..#.#.@#
#...... # .##.O#©...?.#.#..#
#....##.#
#..#W#.###.......###o#.....#
#. #O#.# ####....@(5...(#
#..#.# #########o#.#
.....#.# #.# # ######.#
#.@....# #### ##...### ...#


You could see Maggie (very poisoned).

Vanquished Creatures
  Sigmund (D:6)
  Eustachio (D:5)
  Menkaure (D:5)
  An ice beast (D:5)
  3 ogres
  2 jellies (D:5)
  2 hounds
  A gnoll shaman (D:4)
  A centaur skeleton (D:4)
  Natasha (thrice) (D:2)
  Terence (D:2)
  2 iguanas
  3 worker ants
  A hound skeleton (D:5)
  A worker ant zombie (D:6)
  9 gnolls
  12 adders
  2 white imps
  An ooze (D:3)
  An adder skeleton (D:4)
  3 worms
  3 dart slugs
  5 leopard geckos
  2 orcs (D:6)
  3 bats
  3 giant cockroaches
  6 goblins
  5 hobgoblins
  11 jackals
  4 ball pythons
  8 frilled lizards
  A jackal skeleton (D:4)
  6 kobolds
  A quokka skeleton (D:4)
  2 quokka zombies (D:5)
  6 rats
118 creatures vanquished.

Notes
Turn   | Place    | Note
-------+----------+-------------------------------------------
     0 | D:1      | Zeld the Octopode Brigand began the quest for the Orb.
     0 | D:1      | Reached XP level 1. HP: 14/14 MP: 1/1
   202 | D:1      | Reached skill level 1 in Spellcasting
   202 | D:1      | Reached XP level 2. HP: 19/19 MP: 3/3
   479 | D:2      | Found a radiant altar of Vehumet.
   482 | D:2      | Reached XP level 3. HP: 21/24 MP: 5/5
   711 | D:2      | Noticed Natasha
   718 | D:2      | Killed Natasha
   719 | D:2      | Reached skill level 2 in Spellcasting
   719 | D:2      | Reached XP level 4. HP: 29/29 MP: 5/7
   774 | D:2      | Noticed Terence
   777 | D:2      | Killed Terence
   777 | D:2      | Noticed Natasha
   788 | D:2      | Killed Natasha
   789 | D:2      | Reached XP level 5. HP: 27/34 MP: 7/9
  1006 | D:2      | Found a bloodstained altar of Trog.
  1016 | D:2      | Found a shimmering blue altar of Sif Muna.
  1026 | D:2      | Identified Sif Muna's Collected Works on Transformation
  1240 | D:2      | Reached skill level 3 in Spellcasting
  1362 | D:2      | Noticed Natasha
  1377 | D:2      | Killed Natasha
  2464 | D:2      | Reached XP level 6. HP: 25/39 MP: 11/11
  4487 | D:4      | Reached skill level 5 in Throwing
  4487 | D:4      | Reached skill level 4 in Spellcasting
  4565 | D:4      | Reached XP level 7. HP: 29/45 MP: 13/13
  5767 | D:5      | Entered Level 5 of the Dungeon
  5965 | D:5      | Reached skill level 5 in Spellcasting
  6031 | D:5      | Noticed Menkaure
  6046 | D:5      | Killed Menkaure
  6324 | D:5      | Noticed Eustachio
  6351 | D:5      | Killed Eustachio
  6352 | D:5      | Reached skill level 6 in Spellcasting
  6352 | D:5      | Reached XP level 8. HP: 45/50 MP: 15/17
  6696 | D:5      | Reached skill level 7 in Spellcasting
  7654 | D:6      | Noticed Sigmund
  7669 | D:6      | Killed Sigmund
  7670 | D:6      | Reached skill level 8 in Spellcasting
  7759 | D:6      | Found a transporter.
  7760 | D:6      | Noticed Diggabert's ghost (novice MfFi)
  7761 | D:6      | Found a transporter.
  7763 | D:6      | Identified the +6 dire flail of Extremism {vorpal, rN+}
  7763 | D:6      | Identified the +4 great mace "Ykiegrux" {holy, rElec rPois
                  | rN+}
  7763 | D:6      | Noticed a two-headed ogre
  7875 | D:6      | Noticed Maggie
  7900 | D:6      | Killed from afar by Maggie

Illustrated notes

Levels and vault maps discovered:
D:1:      amcnicky_arrival_underground_garden, layout_rooms
D:2:      layout_loops_ring, vehumet_crystals,
          nzn_overflow_gifts_of_might_and_magic, uniq_natasha, uniq_terence
D:3:      layout_loops_cross, minivault_4
D:4:      layout_gridville, minmay_misc_feat_square, minmay_pentomino_pile
D:5:      minmay_spotlight, layout_loops_ring, uniq_eustachio, uniq_menkaure
D:6:      layout_loops_cross, grunt_dithmenos_smoke_and_mirrors,
          gammafunk_ghost_smash, uniq_maggie, uniq_edmund, uniq_sigmund

Skill      XL: |  1  2  3  4  5  6  7  8 |
---------------+-------------------------+-----
Spellcasting   | 1 2 3 4 6 8 |  8.2
Throwing       | 3 4 5 6 |  6.0
Fighting       | |  2.0
Short Blades   | |  2.0
Dodging        | |  1.0
Stealth        | |  5.3

Action                   |  1- 3 |  4- 6 |  7- 9 || total
-------------------------+-------+-------+-------++-------
Melee: Dagger            |    46 |   104 |   130 ||   280
       Constrict         |    10 |    26 |    23 ||    59
       Tentacles         |     5 |    24 |    33 ||    62
Throw: Dart              |       |     7 |    58 ||    65
  Use: Scroll            |       |       |     9 ||     9
 Stab: Sleeping          |     8 |    19 |    13 ||    40
       Distracted        |       |     1 |       ||     1
Armor: Skin              |     3 |     3 |     6 ||    12
Dodge: Dodged            |    21 |    52 |    66 ||   139
